Map: [ESL] Stargazers

Players

Kelazhur

  • Race: Terran Terran
  • Spawn Location: 11:00

Lambo - Winner!

  • Race: Zerg Zerg
  • Spawn Location: 1:00

Event: DreamHack SC2 Masters 2022 Valencia

VOD

Have the link to the VOD?

Description

Time

  • Played on: July 1, 2022, 1:08 p.m.
  • Length: 11:12

All games in this series

Show
View Real Time Build Order
Export as new Build Order

Kelazhur Terran 

Build Orders: Hellion Opening, Reaper Expand 

Get SALT Encoding   

  12  0:01  SCV  
  13  0:13  SCV  
  14  0:17  Supply Depot  
  14  0:25  SCV  
  15  0:38  SCV  
  15  0:39  Barracks  
  16  0:43  Refinery  
  16  0:50  SCV  
  17  1:03  SCV  
  18  1:15  SCV  
  19  1:26  Reaper  
  19  1:27  Orbital Command  
  20  1:39  Command Center  
  20  1:47  Supply Depot  
  20  1:52  SCV  
  21  1:58  Marine  
  22  2:04  SCV  
  23  2:09  Factory  
  23  2:16  SCV  
  23  2:19  Barracks Reactor  
  24  2:29  SCV  
  25  2:41  SCV, Command Center  
  26  2:52  Orbital Command  
  26  2:54  SCV  
  27  3:00  Starport  
  27  3:06  SCV  
  27  3:08  Hellion  
  32  3:13  Hellion  
  32  3:18  SCV  
  32  3:19  Refinery, SCV  
  34  3:26  Barracks Tech Lab  
  34  3:30  SCV  
  34  3:32  Hellion  
  39  3:34  Hellion  
  39  3:36  SCV  
  39  3:40  Viking  
  42  3:43  SCV  
  42  3:48  SCV  
  44  3:54  Orbital Command  
  44  3:55  SCV  
  45  3:58  Hellion x2  
  45  4:00  SCV  
  50  4:07  SCV  
  51  4:10  Supply Depot  
  51  4:12  SCV  
  51  4:15  Liberator  
  55  4:19  SCV  
  55  4:20  SCV, Marine  
  55  4:21  Bunker  
  58  4:24  SCV  
  59  4:31  SCV  
  59  4:32  Hellion, SCV  
  59  4:33  Hellion  
  59  4:37  Stimpack  
  66  4:38  SCV  
  66  4:43  SCV  
  66  4:44  SCV, Supply Depot  
  68  4:45  Supply Depot  
  68  4:48  Marine  
  69  5:00  Orbital Command  
  69  5:01  Starport Reactor  
  69  5:03  Barracks  
  69  5:06  Barracks, SCV x2  
  71  5:08  Engineering Bay  
  71  5:09  Engineering Bay  
  71  5:14  Marine  
  71  5:18  Refinery x2, SCV x2, Supply Depot  
  71  5:21  Hellion x2  
  78  5:30  SCV  
  78  5:33  SCV, Marine  
  81  5:35  Terran Infantry Weapons Level 1  
  81  5:36  Terran Infantry Armor Level 1  
  81  5:39  Supply Depot  
  77  5:44  SCV  
  77  5:46  Barracks x2, SCV  
  77  5:49  Starport Reactor  
  76  5:50  SCV  
  76  5:52  Marine  
  76  5:56  SCV  
  79  5:59  Marine x2  
  79  6:01  SCV  
  79  6:02  SCV  
  83  6:07  Factory Reactor  
  83  6:08  Armory  
  83  6:09  Factory, SCV, Marine x2  
  86  6:13  SCV  
  86  6:16  SCV, Marine  
  86  6:17  Marine  
  88  6:20  Supply Depot, Marine  
  88  6:22  SCV  
  88  6:25  SCV  
  91  6:27  Marine, Combat Shield  
  91  6:30  Medivac x2  
  91  6:31  SCV  
  97  6:35  Barracks Reactor x2  
  97  6:37  SCV x2  
  99  6:40  Supply Depot  
  99  6:45  SCV  
  99  6:46  Marine x3  
  103  6:49  SCV  
  103  6:53  SCV  
  105  6:55  Marine x2  
  105  6:58  Widow Mine  
  105  6:59  Factory Tech Lab  
  105  7:01  SCV x2, Supply Depot, Widow Mine  
  109  7:03  Supply Depot  
  109  7:04  Supply Depot  
  113  7:10  Medivac x2  
  113  7:13  SCV  
  115  7:18  Drilling Claws, Widow Mine  
  115  7:22  Marine x3  
  120  7:31  Command Center  
  120  7:32  Marine  
  120  7:34  Marine x5, Widow Mine  
  120  7:35  Widow Mine  
  128  7:37  SCV x3  
  128  7:40  Marine x3  
  131  7:49  SCV  
  131  7:50  Marine  
  133  7:52  Terran Infantry Armor Level 2, Terran Infantry Weapons Level 2  
  133  7:54  SCV  
  134  8:01  Widow Mine x3  
  140  8:05  Missile Turret  
  140  8:06  Missile Turret  
  140  8:11  Marine x2  
  141  8:14  Bunker  
  141  8:18  Supply Depot  
  141  8:25  Supply Depot  
  141  8:26  Marine  
  141  8:39  Command Center  
  141  8:40  Supply Depot, Marine x8  
  149  8:44  Marine  
  148  8:51  SCV  
  147  8:57  Marine x8, Widow Mine x2  
  147  8:58  SCV  
  147  9:01  Marine  
  145  9:06  SCV  
  146  9:10  Medivac x2  
  146  9:15  Marine x8  
  155  9:19  Marine  
  155  9:22  Widow Mine x2  
  158  9:25  Missile Turret  
  158  9:29  SCV x3  
  161  9:33  Marine x6  
  161  9:34  Marine, Marauder  
  161  9:37  Marine  
  171  9:39  Missile Turret  
  171  9:42  Refinery  
  171  9:44  Medivac  
  173  9:47  Supply Depot  
  173  9:48  Supply Depot  
  173  9:50  Barracks  
  173  9:51  Marine, Medivac, Barracks  
  173  9:52  Barracks, Missile Turret  
  176  9:54  Missile Turret  
  167  10:10  Marine x7, Marauder  
  173  10:14  Medivac  
  173  10:16  Widow Mine x2  
  173  10:21  Medivac  
  169  10:23  Marine  
  169  10:28  SCV  
  171  10:29  Refinery  
  171  10:30  Missile Turret  
  171  10:31  Missile Turret  
  165  10:38  Marine x3  
  165  10:39  Marine x8  
  165  10:41  Marine  
  165  10:42  Widow Mine x2  
Show
View Real Time Build Order
Export as new Build Order

Lambo Zerg - Winner!

Build Orders: Hatch First 

Get SALT Encoding   

  12  0:00  Drone  
  13  0:12  Overlord  
  13  0:18  Drone  
  14  0:31  Drone x2  
  16  0:48  Hatchery  
  15  0:51  Drone  
  15  0:54  Drone  
  17  0:57  Drone  
  18  1:08  Extractor  
  17  1:13  Spawning Pool  
  17  1:15  Drone  
  17  1:19  Drone  
  18  1:29  Drone  
  19  1:39  Drone  
  20  1:49  Drone  
  21  2:02  Queen x2, Zergling x2  
  21  2:03  Zergling x2  
  27  2:14  Hatchery  
  26  2:18  Overlord  
  26  2:21  Drone  
  27  2:27  Drone  
  27  2:30  Drone  
  29  2:37  Drone x2  
  29  2:42  Queen  
  31  2:47  Overlord  
  31  2:51  Metabolic Boost  
  31  2:56  Drone x2  
  33  3:05  Drone  
  33  3:06  Drone x2  
  33  3:11  Drone x3  
  38  3:18  Queen  
  40  3:20  Drone  
  40  3:24  Drone  
  40  3:27  Drone x2  
  44  3:31  Overlord  
  44  3:37  Queen  
  46  3:43  Queen  
  46  3:46  Drone  
  49  3:49  Overlord  
  49  3:56  Zergling x10  
  49  3:58  Drone x2  
  49  3:59  Overlord  
  56  4:03  Drone  
  56  4:08  Drone  
  56  4:09  Overlord  
  58  4:10  Overlord  
  58  4:13  Drone  
  58  4:14  Drone  
  60  4:18  Overlord  
  60  4:21  Queen  
  60  4:24  Overlord  
  62  4:25  Drone  
  63  4:31  Drone  
  63  4:32  Drone x2  
  63  4:37  Zergling x2  
  67  4:39  Queen  
  67  4:45  Zergling x4  
  71  4:46  Drone x6  
  71  4:49  Drone  
  78  4:55  Drone x4  
  78  4:58  Spore Crawler  
  78  4:59  Lair  
  81  5:00  Extractor  
  81  5:01  Drone  
  81  5:06  Spore Crawler, Drone x2  
  82  5:07  Spore Crawler  
  82  5:08  Drone  
  82  5:09  Drone  
  82  5:10  Extractor  
  82  5:13  Drone x3  
  85  5:17  Drone  
  85  5:20  Queen  
  88  5:22  Drone  
  89  5:29  Zergling x4  
  89  5:33  Drone x3  
  94  5:39  Drone x3  
  95  5:44  Evolution Chamber, Drone x2  
  95  5:46  Drone  
  95  5:48  Evolution Chamber, Drone  
  97  5:53  Overlord  
  97  5:54  Extractor  
  97  5:56  Drone  
  97  5:59  Overlord  
  97  6:01  Overlord  
  97  6:04  Baneling Nest, Hatchery  
  96  6:05  Spire  
  96  6:07  Overlord  
  96  6:08  Extractor, Drone x3  
  96  6:09  Extractor  
  96  6:10  Drone x2  
  97  6:13  Overlord  
  97  6:18  Drone x4  
  97  6:19  Zerg Ground Armor Level 1  
  97  6:23  Drone x4  
  97  6:24  Drone x2  
  107  6:30  Overlord  
  107  6:33  Overlord  
  107  6:39  Overlord  
  107  6:40  Zergling x6  
  107  6:43  Zerg Melee Weapons Level 1  
  107  6:44  Zergling x6  
  113  6:50  Baneling x7  
  113  6:51  Extractor  
  106  6:54  Drone  
  106  6:55  Centrifugal Hooks  
  106  6:56  Zergling x12  
  113  7:02  Zergling x2  
  113  7:03  Baneling x3  
  113  7:07  Zergling x10  
  119  7:11  Zergling x2  
  118  7:16  Baneling x3  
  118  7:17  Baneling x3  
  118  7:18  Drone x3, Baneling  
  121  7:26  Mutalisk x4  
  121  7:28  Drone x2  
  121  7:29  Drone x3  
  133  7:39  Mutalisk x2  
  133  7:42  Drone x2  
  136  7:44  Mutalisk x2  
  136  7:47  Drone x2  
  136  7:52  Mutalisk, Extractor  
  136  7:54  Drone  
  136  7:55  Drone x9  
  147  8:00  Mutalisk  
  147  8:02  Zerg Flyer Weapons Level 1  
  149  8:09  Mutalisk  
  149  8:11  Zergling x6  
  149  8:13  Zergling x4  
  149  8:14  Zergling x2  
  152  8:22  Overlord x2  
  152  8:23  Zerg Ground Armor Level 2, Hatchery  
  152  8:26  Overlord x2  
  151  8:27  Overlord  
  151  8:28  Baneling, Overseer  
  151  8:32  Zergling x2  
  151  8:33  Baneling  
  152  8:36  Overlord  
  152  8:41  Zergling x6  
  152  8:42  Zergling x18  
  152  8:43  Overseer  
  152  8:44  Baneling x7  
  152  8:47  Zergling x6  
  165  8:52  Zergling x12  
  165  8:53  Zergling x2  
  165  8:54  Zergling x2  
  165  8:55  Baneling x3  
  170  8:56  Hatchery  
  170  9:00  Zergling x6  
  158  9:03  Baneling x5  
  158  9:05  Zergling x2  
  158  9:06  Queen x2  
  158  9:09  Zergling x4  
  157  9:15  Mutalisk x5  
  158  9:21  Extractor  
  157  9:28  Queen  
  157  9:31  Zergling x8  
  163  9:33  Mutalisk  
  163  9:35  Overseer, Pneumatized Carapace, Hatchery  
  163  9:37  Mutalisk  
  166  9:45  Zergling x14  
  173  9:49  Mutalisk x2  
  176  9:53  Zergling x4  
  176  9:55  Spore Crawler  
  176  9:56  Zergling x6  
  176  9:59  Baneling x6  
  180  10:04  Zergling x10  
  180  10:08  Zergling x12  
  180  10:14  Zergling x12  
  182  10:17  Zergling x8  
  184  10:22  Zergling x10  
  184  10:23  Mutalisk  
  184  10:28  Mutalisk x3  
  191  10:34  Mutalisk  
  199  10:37  Overlord  
  199  10:42  Infestation Pit  
  198  10:45  Zergling x4  
  183  10:50  Zergling x32  
  183  10:53  Zergling x8  
  183  10:55  Zergling x4  

Tags
 
Add a new tag
Caveats
  • Supply blocks, unpowered buildings, or Contaminate may cause inaccurate times.
  • Supply counts are checked every 10 seconds.